 Dungeon Crawl Stone Soup version 0.25-a0-513-ge77a69270c (webtiles) character file.

Game seed: 15495183726990197985, levelgen mode: deterministic

196 mopl the Bolt Thrower (level 5, 0/47 HPs)
             Began as a Minotaur Hunter on Feb 16, 2020.
             Slain by an adder (2 damage)
             ... on level 4 of the Dungeon.
             The game lasted 00:02:49 (2526 turns).

mopl the Bolt Thrower (Minotaur Hunter)             Turns: 2526, Time: 00:02:49

Health: 0/47       AC:  3    Str: 18    XL:     5   Next: 46%
Magic:  4/4        EV: 12    Int:  8    God:
Gold:   44         SH:  0    Dex: 10    Spells: 4/4 levels left

rFire    . . .     SeeInvis .   b - +0 short sword
rCold    . . .     Gourm    .   (no shield)
rNeg     . . .     Faith    +   c - +0 leather armour
rPois    .         Spirit   .   (helmet restricted)
rElec    .         Reflect  .   (no cloak)
rCorr    .         Harm     .   (no gloves)
MR       .....                  (no boots)
Stlth    +.........             l - amulet of faith {!P}
HPRegen  0.15/turn              (no ring)
MPRegen  0.09/turn              (no ring)

@: lethally poisoned (0 -> -2)
A: retaliatory headbutt, horns 2
a: no special abilities


You were on level 4 of the Dungeon.
You were not hungry.

You visited 1 branch of the dungeon, and saw 4 of its levels.

You collected 44 gold pieces.

Inventory:

Hand Weapons
 a - a +1 hand crossbow
 b - a +0 short sword (weapon)
Missiles
 d - 33 bolts
 j - 16 poisoned darts (quivered)
Armour
 c - a +0 leather armour (worn)
Jewellery
 l - an amulet of faith (around neck) {!P}
Wands
 m - a wand of digging (2)
Scrolls
 e - 4 scrolls of remove curse {unknown}
 g - 3 scrolls of identify {unknown}
 k - 4 scrolls of teleportation {unknown}
 n - a scroll of blinking {unknown}
Potions
 i - a potion of agility {unknown}
 o - a potion of brilliance {unknown}
 p - a potion of flight {unknown}
 q - a potion of haste {unknown}
Comestibles
 f - 3 rations
 h - 3 chunks of flesh


   Skills:
 + Level 4.4 Fighting
 + Level 5.6 Crossbows
 + Level 3.4 Armour
 - Level 2.1 Dodging
 - Level 0.7 Stealth


You had 4 spell levels left.
You didn't know any spells.
Your spell library was empty.

Dungeon Overview and Level Annotations

Branches:
Dungeon (4/15)
 Temple: D:4-7

Altars:
Elyvilon
Nemelex Xobeh
Xom


Innate Abilities, Weirdness & Mutations

You reflexively headbutt those who attack you in melee.
You have a pair of horns on your head.


Message History

You feel sick. The adder bites you but does no damage.
You climb downwards.
You hear the sound of rushing water.
There is an entrance to a sewer on this level.
Hurry and find it before the portal rusts away!
Reactivating autopickup.
Found 9 gold pieces.
There is a stone staircase leading up here.
You hit the adder. Your headbutt misses the adder.
The adder is severely wounded.
You feel sick. The adder bites you.
* * * LOW HITPOINT WARNING * * *
The adder closely misses you.
You closely miss the adder.
The adder is severely wounded.
The adder bites you.
* * * LOW HITPOINT WARNING * * *
You hit the adder.
The adder is severely wounded.
The adder bites you.
You die...

.....#
....#
....#
...
...
#.#
#S#
#@#
###


You could see an adder.

Vanquished Creatures
  A bullfrog (D:3)
  5 adders (D:2)
  2 oozes (D:2)
  2 worms (D:2)
  4 dart slugs
  2 orcs (D:3)
  4 giant cockroaches
  8 goblins
  13 hobgoblins
  2 jackals (D:3)
  7 kobolds
  A ball python (D:2)
  4 bats
  A frilled lizard (D:3)
  5 rats
61 creatures vanquished.

Notes
Turn   | Place    | Note
-------+----------+-------------------------------------------
     0 | D:1      | mopl the Minotaur Hunter began the quest for the Orb.
     0 | D:1      | Reached XP level 1. HP: 18/18 MP: 0/0
   113 | D:1      | Reached skill level 1 in Armour
   114 | D:1      | Reached XP level 2. HP: 17/25 MP: 1/1
   404 | D:1      | Reached skill level 3 in Fighting
   461 | D:1      | Found a burning altar of Makhleb.
   463 | D:1      | Found a bloodstained altar of Trog.
   463 | D:1      | Found a shadowy altar of Dithmenos.
   465 | D:1      | Found a blossoming altar of Fedhas.
   465 | D:1      | Found a shimmering altar of Xom.
   465 | D:1      | Found a hide-covered altar of Uskayaw.
   481 | D:1      | Reached XP level 3. HP: 9/31 MP: 2/2
   913 | D:2      | Reached skill level 2 in Armour
  1111 | D:2      | Reached skill level 5 in Crossbows
  1619 | D:2      | Found a sparkling altar of Nemelex Xobeh.
  1645 | D:2      | Reached XP level 4. HP: 39/39 MP: 3/3
  1675 | D:2      | Found a shimmering altar of Xom.
  1675 | D:2      | Found a white marble altar of Elyvilon.
  2053 | D:2      | Reached skill level 4 in Fighting
  2185 | D:3      | Noticed a bullfrog
  2198 | D:3      | Killed a bullfrog
  2198 | D:3      | Reached skill level 3 in Armour
  2198 | D:3      | Reached XP level 5. HP: 22/47 MP: 4/4
  2525 | D:4      | HP: 2/47 [adder (1)]
  2526 | D:4      | Slain by an adder

Levels and vault maps discovered:
D:1:      ncdulo_halloftheorcs, layout_basic, hangedman_decor_opposing,
          st_stairs_1, doesnt_xom_only_xom
D:2:      wander_river, layout_basic, overflow_temple_1_default,
          gammafunk_temple_overflow_elements
D:3:      layout_basic
D:4:      layout_basic, evilmike_ruin_ashenzari, eat_drink_and_be_merry_uskayaw,
          nicolae_dithmenos_shadow_blocks, cheibrodos_sewer_entry_bend,
          first_ration, uniq_duvessa, uniq_eustachio

Skill      XL: |  1  2  3  4 |
---------------+-------------+-----
Armour         | 1 2 3 |  3.4
Fighting       | 3 4 |  4.4
Crossbows      | 5 |  5.6
Dodging        | |  2.1
Stealth        | |  0.7

Action                   |  1- 3 |  4- 6 || total
-------------------------+-------+-------++-------
Melee: Short sword       |   132 |    73 ||   205
       Headbutt          |    20 |    10 ||    30
 Fire: Hand crossbow     |     3 |       ||     3
  Use: Potion            |     1 |       ||     1
  Eat: Chunk             |     2 |     3 ||     5
Armor: Leather armour    |    21 |    17 ||    38
Dodge: Dodged            |    70 |    57 ||   127

Table legend:
 A = Non-vault XP
 B = Vault XP
 C = Vault XP percentage of total XP
 D = Non-vault monster count
 E = Vault monster count
 F = Vault count percentage of total count
                 A         B        C        D         E       F
            +---------+---------+-------+---------+---------+-------
      Total |     277 |       4 |   1.4 |      59 |       2 |   3.3
            +---------+---------+-------+---------+---------+-------
        D:1 |      50 |       4 |   7.4 |      26 |       2 |   7.1
        D:2 |     112 |       0 |   0.0 |      21 |       0 |   0.0
        D:3 |     115 |       0 |   0.0 |      12 |       0 |   0.0
            +---------+---------+-------+---------+---------+-------
